 Dungeon Crawl Stone Soup version 0.23.2-40-g277498a001 (webtiles) character file.

Game seed: 6959580096217592431

102 Amplified the Skirmisher (level 4, -18/40 HPs)
             Began as a Minotaur Wizard on Sept 23, 2019.
             Demolished by an ogre
             ... wielding a +0 giant spiked club
              (21 damage)
             ... on level 4 of the Dungeon.
             The game lasted 00:05:21 (2464 turns).

Amplified the Skirmisher (Minotaur Wizard)          Turns: 2464, Time: 00:05:21

Health: -18/40     AC:  6    Str: 12    XL:     4   Next: 50%
Magic:  6/6        EV:  9    Int: 15    God:
Gold:   216        SH:  0    Dex:  9    Spells: 6/7 levels left

rFire    . . .     SeeInvis .   h - +4 hand axe
rCold    . . .     Gourm    .   (no shield)
rNeg     . . .     Faith    .   g - +0 scale mail
rPois    .         Spirit   .   b - +0 hat
rElec    .         Reflect  .   (no cloak)
rCorr    .         Harm     .   (no gloves)
MR       .....                  (no boots)
Stlth    ..........             (no amulet)
HPRegen  0.13/turn              (no ring)
MPRegen  0.10/turn              (no ring)

@: confused
A: retaliatory headbutt, horns 2
a: no special abilities


You were on level 4 of the Dungeon.
You were not hungry.

You visited 1 branch of the dungeon, and saw 4 of its levels.

You collected 216 gold pieces.

Inventory:

Hand Weapons
 c - a +0 whip
 h - a +4 hand axe (weapon)
Armour
 a - a +0 robe
 b - a +0 hat (worn)
 g - a +0 scale mail (worn)
Scrolls
 e - 2 scrolls of identify
Potions
 f - a potion of flight
 l - a potion of ambrosia
Comestibles
 d - 5 rations


   Skills:
 * Level 3.6 Fighting
 * Level 2.2(2.6) Axes
 - Level 2.1(2.6) Maces & Flails
 - Level 2.1 Dodging
 - Level 1.5 Stealth
 - Level 2.1 Spellcasting
 - Level 0.6 Conjurations
   Level 0.6 Summonings
   Level 0.6 Translocations


You had 6 spell levels left.
You knew the following spells:

 Your Spells              Type           Power        Failure   Level  Hunger
a - Magic Dart            Conj           #...         67%         1    #......

Your spell library contained the following spells:

 Spells                   Type           Power        Failure   Level  Hunger
 Blink                    Tloc           N/A          82%         2    ###....
 Call Imp                 Summ           #.......     82%         2    ###....
 Slow                     Hex            #.......     88%         2    ###....
 Conjure Flame            Conj/Fire      #.......     97%         3    ###....
 Mephitic Cloud           Conj/Pois/Air  #.......     98%         3    ###....


Dungeon Overview and Level Annotations

Branches:
Dungeon (4/15)
 Temple: D:4-7

Altars:
Zin

Annotations:
D:2 Sigmund
D:3 2 transporters, DildoBatman's ghost, amateur FoWz


Innate Abilities, Weirdness & Mutations

You reflexively headbutt those who attack you in melee.
You have a pair of horns on your head.


Message History

Found 9 gold pieces.
Okay, then.
You are confused.
You feel invigorated. The ogre barely misses you.
Unknown command.
You hit the ogre. You headbutt the ogre.
The ogre is moderately wounded.
The ogre misses you.
Unknown command.
You bump into the rock wall.
Unknown command.
You hit the ogre.
The ogre is moderately wounded.
You hit the ogre.
The ogre hits you with a +0 giant club!!
Ouch! That really hurt!
* * * LOW HITPOINT WARNING * * *
The ogre hits you with a +0 giant spiked club!!
Ouch! That really hurt!
You die...

#.###.##..#
#######..##
##
#....S....#
#.## #
#####.#####
### ####.####
#.......# ###
#.##.##.###
..# #
#.....S# .._
#.# ####.#O##
.. #(# #.#O@#
#'####.###.##
#.####
#.O..#.......
..#
#...######O##
### #..# #.#
#..######?#
#...O...O.#
##.########
#)# #.#


You could see 2 ogres and an adder.

Vanquished Creatures
  A scorpion (D:4)
  An adder (D:2)
  A dart slug (D:1)
  3 leopard geckos
  5 giant cockroaches
  5 goblins
  7 hobgoblins
  3 kobolds
  A quokka (D:2)
  2 ball pythons
  8 bats
  A jackal skeleton (D:4)
38 creatures vanquished.

Notes
Turn   | Place    | Note
-------+----------+-------------------------------------------
     0 | D:1      | Amplified the Minotaur Wizard began the quest for the Orb.
     0 | D:1      | Reached XP level 1. HP: 14/14 MP: 2/2
    52 | D:1      | Reached skill level 1 in Fighting
    95 | D:1      | Reached XP level 2. HP: 18/24 MP: 4/4
   149 | D:1      | Reached skill level 1 in Maces & Flails
   561 | D:2      | Noticed Sigmund
   570 | D:2      | Reached skill level 2 in Fighting
  1073 | D:3      | Found a transporter.
  1074 | D:3      | Noticed DildoBatman's ghost (amateur FoWz)
  1075 | D:3      | Found a transporter.
  1076 | D:3      | Noticed an ogre
  1078 | D:3      | Noticed an ogre
  1319 | D:3      | Reached XP level 3. HP: 27/30 MP: 5/5
  1445 | D:4      | Noticed an ogre
  2179 | D:2      | Reached skill level 3 in Fighting
  2188 | D:2      | Reached skill level 1 in Axes
  2372 | D:4      | Noticed a scorpion
  2377 | D:4      | Killed a scorpion
  2377 | D:4      | Reached XP level 4. HP: 36/40 MP: 6/6
  2392 | D:4      | Noticed an ogre
  2408 | D:4      | Found a glowing silver altar of Zin.
  2464 | D:4      | Demolished by an ogre

Skill      XL: |  1  2  3 |
---------------+----------+-----
Fighting       | 1 2 3 |  3.6
Maces & Flails | 1 2 |  2.1
Axes           | 2 |  2.2
Dodging        | |  2.1
Stealth        | |  1.5
Spellcasting   | |  2.1
Conjurations   | |  0.6
Summonings     | |  0.6
Translocations | |  0.6

Action                   |  1- 3 |  4- 6 || total
-------------------------+-------+-------++-------
Melee: Whip              |    72 |       ||    72
       Unarmed           |     6 |       ||     6
       Headbutt          |    11 |     1 ||    12
       Hand axe          |    20 |     4 ||    24
 Cast: Magic Dart        |     6 |       ||     6
  Use: Potion            |     4 |     1 ||     5
       Scroll            |     5 |       ||     5
 Stab: Sleeping          |     1 |       ||     1
  Eat: Chunk             |     5 |       ||     5
Armor: Robe              |     9 |       ||     9
       Skin              |    28 |       ||    28
       Scale mail        |    34 |       ||    34
Dodge: Dodged            |    78 |     3 ||    81
